 Dungeon Crawl Stone Soup version 0.28.0-43-g3370ac3207 (webtiles) character file.

Game seed: 2491371213759860776

53 mcbry74 the Insei (level 3, 0/26 HPs)
             Began as a Merfolk Transmuter on Mar 11, 2022.
             Slain by a gnoll
             ... wielding a +0 spear
              (10 damage)
             ... on level 2 of the Dungeon.
             The game lasted 00:05:29 (2004 turns).

mcbry74 the Insei (Merfolk Transmuter)              Turns: 2004, Time: 00:05:29

Health: 0/26       AC:  2    Str: 10    XL:     3   Next: 87%
Magic:  5/6        EV: 13    Int: 12    God:
Gold:   80         SH:  0    Dex: 16    Spells: 5/6 levels left

rFire   . . .      SeeInvis .     - Unarmed
rCold   . . .      Faith    .   (no shield)
rNeg    . . .      Spirit   .   a - +0 robe
rPois   .          Reflect  .   (helmet currently unavailable)
rElec   .          Harm     .   (no cloak)
rCorr   .          Rampage  .   (no gloves)
Will    .....                   (boots currently unavailable)
Stlth   +.........              (no amulet)
HPRegen 0.08/turn               (no ring)
MPRegen 0.10/turn               (no ring)

@: appendages (expiring)
A: horns 2, (nimble swimmer 2), mertail
a: End Transformation


You were on level 2 of the Dungeon.
You had temporarily grown beastly horns.
You visited 1 branch of the dungeon, and saw 2 of its levels.

You collected 80 gold pieces.

Inventory:

Armour
 a - a +0 robe (worn)
 g - a +0 kite shield
Magical Staves
 f - a staff of earth
Scrolls
 d - 3 scrolls of enchant armour {unknown}
 e - a scroll of fog {unknown}
 i - a scroll of identify {unknown}
Potions
 b - a potion of heal wounds {unknown}
 c - a potion of brilliance {unknown}
 h - 2 potions of might {unknown}


   Skills:
 - Level 1.1 Fighting
 - Level 2.6 Dodging
 + Level 5.1 Unarmed Combat
 - Level 2.0 Spellcasting
 - Level 2.6 Transmutations


You had 5 spell levels left.
You knew the following spells:

 Your Spells              Type           Power      Damage    Failure   Level
a - Beastly Appendage     Tmut           14%        N/A       9%          1

Your spell library contained the following spells:

 Spells                   Type           Power      Damage    Failure   Level
 Wereblood                Tmut           7%         N/A       14%         2
 Slow                     Hex            4%         N/A       26%         1
 Spider Form              Tmut/Pois      4%         N/A       43%         3
 Confusing Touch          Hex            1%         N/A       63%         3
 Vampiric Draining        Necr           1%         2d6       63%         3
 Ice Form                 Ice/Tmut       4%         N/A       83%         4


Dungeon Overview and Level Annotations

Branches:
Dungeon (2/15)

Altars:


Innate Abilities, Weirdness & Mutations

You have temporarily grown beastly horns.
((You are very nimble when in or above water. (Stealth+, EV+, Speed+++)))
Your lower body shifts to a powerful aquatic tail in water.


Message History

The hobgoblin shouts!
The hobgoblin barely misses you.
You barely miss the hobgoblin. The hobgoblin closely misses you.
You punch the hobgoblin!
You kill the hobgoblin!
You see here a hobgoblin corpse.
There is an open door here.
There is an open door here.
A gnoll comes into view. It is wielding a +0 halberd.
The gnoll shouts!
You hear a shout! x2
A gnoll comes into view. It is wielding a +0 spear.
Things that are here:
2 stones; a +0 whip
Casting: Beastly Appendage (safe; 9% risk of failure)
Confirm with . or Enter, or press ? or * to list all spells.
You grow a pair of large bovine horns.
The gnoll closely misses you.
Things that are here:
2 stones; a +0 whip You closely miss the gnoll.
The gnoll hits you with a +0 halberd.
You hit the gnoll. Your headbutt misses the gnoll.
The gnoll is heavily wounded.
You barely miss the gnoll. Your punch misses the gnoll.
The gnoll is heavily wounded.
Your transformation is almost over.
The gnoll closely misses you.
A gnoll comes into view. It is wielding a +0 halberd.
The gnoll shouts!
You hit the gnoll.
The gnoll is severely wounded.
The gnoll closely misses you.
You barely miss the gnoll.
The gnoll is severely wounded.
The gnoll barely misses you.
The gnoll hits you from afar with a +0 spear.
You barely miss the gnoll.
The gnoll is severely wounded.
The gnoll hits you with a +0 halberd!
The gnoll hits you from afar with a +0 spear!
You die...

.....# #.............# .....#
#.###########.#### .....#
#.......#.....†.). .....#
#...)..<#.#....### .....#
#.##..#.#.#.#..... .....###
#.#...#.#.#..#.... .......####
#.#...#.#......... .....#....#
#.#..##.#....##...
.....##.#.######@#...#.#.........
.....##.#...g.gg.................
.....##.########.#.#..###########
#######.# #.#.#..# ##.##
#####.#.#..# #...# #.....#....#
#.#.# #.########.# #.#.###.#
#.....# ..#..##.####.###.#


You could see 3 gnolls.

Vanquished Creatures
  An adder (D:2)
  A gnoll (D:2)
  3 dart slugs
  An orc (D:2)
  3 endoplasms
  3 giant cockroaches
  2 hobgoblins
  3 jackals
  3 kobolds
  A ball python (D:1)
  A bat (D:1)
  4 rats
26 creatures vanquished.

Notes
Turn   | Place    | Note
-------+----------+-------------------------------------------
     0 | D:1      | mcbry74 the Merfolk Transmuter began the quest for the Orb.
     0 | D:1      | Reached XP level 1. HP: 15/15 MP: 3/3
   191 | D:1      | Reached XP level 2. HP: 21/21 MP: 5/5
   234 | D:1      | Reached skill level 4 in Unarmed Combat
  1507 | D:2      | Reached XP level 3. HP: 20/26 MP: 4/6
  1615 | D:2      | Found a faded altar of an unknown god.
  1766 | D:2      | Reached skill level 5 in Unarmed Combat
  2004 | D:2      | Slain by a gnoll

Illustrated notes

Levels and vault maps discovered:
D:1:      nzn_arrival_depleted_hourglass, layout_basic, serial_aquarium,
          aquarium_bridge_long_joined [aquarium_subvault_window,
          aquarium_subvault_balcony, aquarium_subvault_bridge,
          aquarium_subvault_window, aquarium_subvault_wall,
          aquarium_subvault_wall], aquarium_window_2, aquarium_window_fake,
          aquarium_window_2, aquarium_view_2c, aquarium_view_2c,
          minmay_misc_feat_tiny
D:2:      minmay_general_purpose_star, layout_basic,
          ebering_ecumenical_altar_abandoned, grunt_ministairs_12,
          minmay_heptomino_l4

Skill      XL: |  1  2  3 |
---------------+----------+-----
Unarmed Combat | 4 5 |  5.1
Fighting       | |  1.1
Dodging        | |  2.6
Spellcasting   | |  2.0
Transmutations | |  2.6

Action                   || total
-------------------------++-------
Melee: Unarmed           ||   105
       Punch             ||     4
       Headbutt          ||     4
 Cast: Beastly Appendage ||     7
 Stab: Sleeping          ||     2
Armor: Robe              ||    12
Dodge: Dodged            ||    75
